 Dungeon Crawl Stone Soup version 0.22-a0-159-g7ce444f (webtiles) character file.

343 MatthieuS the Skirmisher (level 6, -1/51 HPs)
             Began as a Human Wanderer on Feb 10, 2018.
             Slain by a red devil
             ... wielding a +0 trident
             ... summoned by Xom
              (5 damage)
             ... on level 4 of the Dungeon.
             The game lasted 00:07:17 (2450 turns).

MatthieuS the Skirmisher (Human Wanderer)           Turns: 2450, Time: 00:07:18

Health: -1/51      AC: 10    Str: 13    XL:     6   Next: 88%
Magic:  6/6        EV:  7    Int: 10    God:    Xom [......]
Gold:   112        SH:  0    Dex: 16    Spells: 5/5 levels left

rFire    . . .     SeeInvis .   o - +5 quarterstaff (chaos)
rCold    + . .     Gourm    .   (shield currently unavailable)
rNeg     . . .     Faith    .   k - +0 chain mail
rPois    .         Spirit   .   (no helmet)
rElec    .         Reflect  .   p - +0 cloak
rCorr    .         Harm     .   (no gloves)
MR       .....                  (no boots)
Stlth    ..........             (no amulet)
HPRegen  0.17/turn              l - ring of protection from cold
MPRegen  0.10/turn              (no ring)

@: no status effects
A: no striking features
a: Renounce Religion


You were on level 4 of the Dungeon.
You worshipped Xom.
You were a very special plaything of Xom.
You were not hungry.

You visited 1 branch of the dungeon, and saw 4 of its levels.

You collected 112 gold pieces.

Inventory:

Hand Weapons
 a - a +2 quarterstaff
 o - a +5 quarterstaff of chaos (weapon)
Armour
 d - a +0 robe
 h - a +0 ring mail
 k - a +0 chain mail (worn)
 p - a +0 cloak (worn)
Jewellery
 l - a ring of protection from cold (left hand)
Wands
 u - a wand of clouds (6)
Scrolls
 b - a scroll of fear {unknown}
 c - 5 scrolls of teleportation
 e - 3 scrolls of remove curse {unknown}
 j - a scroll of magic mapping
 m - a scroll of fog {unknown}
 s - 2 scrolls of identify
Potions
 i - 2 potions of lignification {unknown}
 n - 2 potions of flight {unknown}
 q - a potion of might {unknown}
 r - 2 potions of ambrosia {unknown}
Comestibles
 f - 6 rations
 g - 3 chunks of flesh


   Skills:
 + Level 5.6 Fighting
 * Level 3.7 Staves
 + Level 2.7 Armour
 + Level 2.6 Dodging
 + Level 2.9 Stealth
   Level 1.0 Shields


You had 5 spell levels left.
You didn't know any spells.

Dungeon Overview and Level Annotations

Branches:
Dungeon (4/15)
 Temple: D:4-7

Altars:
Ashenzari
Dithmenos
Fedhas
Gozag
Ru
Uskayaw
Xom
Zin
The Shining One


Message History

The white imp hits you. The white imp freezes you. You resist.
You hit the red devil.
The red devil is severely wounded.
The red devil hops backward while attacking.
The red devil hits you from afar with a trident!
The white imp closely misses you.
You closely miss the white imp.
The red devil hits you from afar with a trident!!
* * * LOW HITPOINT WARNING * * *
The white imp gestures at you. The puff of frost misses you.
You are too injured to fight recklessly!
You are too injured to fight recklessly!
You feel better. The white imp completely misses you.
The red devil hits you from afar with a trident!
* * * LOW HITPOINT WARNING * * *
You hit the white imp but do no damage.
The white imp hits you but does no damage.
The red devil hits you from afar with a trident.
You die...

...<..# #.# #####.# #.#
......# #.# ####..# #.#
#..####.#######
#.............#
#.#####.#####.# ####.#
#.# #.# .....# #.# #@#
#.##.#####.# #5# #
...........#####4###.#
#.##.##.##...........#
.>.#.##.#########.####
.....##.# #.#
...####.#########.#
#....##.##........######.
####.##.##........[......


You could see a red devil and a white imp.

Vanquished Creatures
  The ghost of RuleOfThree the Skirmisher, an amateur DsWr (D:3)
  Crazy Yiuf (D:2)
  An orc wizard (D:4)
  A centaur skeleton (D:4)
  2 adders
  An ooze (D:3)
  2 worms (D:2)
  5 dart slugs
  5 leopard geckos
  7 orcs
  4 giant cockroaches
  8 goblins
  7 hobgoblins
  3 jackals (D:3)
  8 kobolds
  3 quokkas
  A ball python (D:2)
  10 bats
  A frilled lizard (D:2)
  6 rats
77 creatures vanquished.

Notes
Turn   | Place    | Note
-------+----------+-------------------------------------------
     0 | D:1      | MatthieuS the Human Wanderer began the quest for the Orb.
     0 | D:1      | MatthieuS set off with: a +2 quarterstaff, a potion of curing, a scroll of teleportation, a +0 robe, a ration
     0 | D:1      | Reached XP level 1. HP: 21/21 MP: 1/1
    76 | D:1      | Reached XP level 2. HP: 23/27 MP: 2/2
   125 | D:1      | Reached XP level 3. HP: 15/33 MP: 3/3
   694 | D:2      | Found a hide-covered altar of Uskayaw.
   815 | D:2      | Reached XP level 4. HP: 37/39 MP: 4/4
   886 | D:2      | Found a shadowy altar of Dithmenos.
   889 | D:2      | Found a sacrificial altar of Ru.
   893 | D:2      | Found a shattered altar of Ashenzari.
   893 | D:2      | Found a blossoming altar of Fedhas.
   893 | D:2      | Found an opulent altar of Gozag.
   962 | D:2      | Found a glowing golden altar of the Shining One.
  1069 | D:2      | Found a runed door.
  1211 | D:2      | Noticed Crazy Yiuf
  1225 | D:2      | Killed Crazy Yiuf
  1509 | D:2      | Reached XP level 5. HP: 37/44 MP: 5/5
  1697 | D:3      | Noticed RuleOfThree's ghost (amateur DsWr)
  1710 | D:3      | Killed RuleOfThree's ghost
  1710 | D:3      | Reached XP level 6. HP: 51/51 MP: 6/6
  1777 | D:3      | Noticed an angel
  1777 | D:3      | Found a shimmering altar of Xom.
  1777 | D:3      | Found a glowing silver altar of Zin.
  1814 | D:3      | Became a worshipper of Xom of Chaos
  2437 | D:4      | XOM: summons 2 hostile demons
  2438 | D:4      | Noticed a red devil
  2450 | D:4      | Slain by a red devil

Vault maps used:
D:1:      dpeg_arrival_court, nrook_mini_vaults
D:2:      tso_altar, grunt_temple_overflow_open, lemuel_doored_altar,
          uniq_crazy_yiuf_cottage
D:3:      cheibrodos_old_hovel, grunt_temple_overflow_order_and_chaos_1,
          first_ration
D:4:      uniq_edmund

Skill      XL: |  1  2  3  4  5 |
---------------+----------------+-----
Staves         | 2 3 |  3.7
Stealth        | 2 |  2.9
Dodging        | 2 |  2.6
Armour         | 2 |  2.7
Fighting       | |  5.6
Shields        | |  1.0

Action                   |  1- 3 |  4- 6 || total
-------------------------+-------+-------++-------
Melee: Quarterstaff      |    67 |   114 ||   181
  Use: Potion            |     1 |     1 ||     2
       Scroll            |       |     4 ||     4
 Stab: Sleeping          |     5 |       ||     5
       Invisible         |       |     3 ||     3
       Confused          |       |     1 ||     1
  Eat: Chunk             |       |     5 ||     5
Armor: Robe              |     5 |       ||     5
       Ring mail         |     5 |    16 ||    21
       Chain mail        |       |    40 ||    40
Dodge: Dodged            |    35 |    45 ||    80

Table legend:
 A = Spawn XP
 B = Non-spawn XP
 C = Spawn XP percentage of total XP
 D = Spawn monster count
 E = Non-spawn monster count
 F = Spawn count percentage of total count
 G = Total turns spent on level
                    A         B        C        D         E        F      G
               +---------+---------+-------+---------+---------+-------+---------
         Total |       0 |     490 |   0.0 |       0 |      77 |   0.0 |  2450
               +---------+---------+-------+---------+---------+-------+---------
           D:1 |       0 |      51 |   0.0 |       0 |      25 |   0.0 |   569
           D:2 |       0 |      97 |   0.0 |       0 |      21 |   0.0 |  1029
           D:3 |       0 |     251 |   0.0 |       0 |      25 |   0.0 |   718
           D:4 |       0 |      91 |   0.0 |       0 |       6 |   0.0 |   134
               +---------+---------+-------+---------+---------+-------+---------
